 Dungeon Crawl Stone Soup version 0.31-a0-220-gc2f4f3cf83 (webtiles) character file.

Game seed: 8636797054028727554

260 qw the Chopper (level 6, 0/38 HPs)
             Began as a Gargoyle Fighter on July 3, 2023.
             Slain by a howler monkey (6 damage)
             ... on level 4 of the Dungeon.
             The game lasted 00:01:12 (3080 turns).

qw the Chopper (Gargoyle Fighter)                   Turns: 3080, Time: 00:01:13

Health: 0/38       AC:  5    Str: 21    XL:     6   Next: 17%
Magic:  6/6        EV:  7    Int:  9    God:
Gold:   67         SH:  4    Dex:  9    Spells: 5/5 levels left

rFire   . . .        Y - +0 war axe
rCold   . . .        c - +0 buckler
rNeg    + . .        l - +0 chain mail
rPois   inf          (no helmet)
rElec   +            (no cloak)
rCorr   .            (no gloves)
SInv    .            (no boots)
Will    .....        (no amulet) Stlth
                     (no ring)
HPRegen 0.26/turn    (no ring)
MPRegen 0.10/turn

%: no passive effects
@: corroded
A: sickness immunity, AC +4, negative energy resistance 1, electricity
resistance, torment resistance 1, petrification resistance
a: no special abilities


You were on level 4 of the Dungeon.
You visited 1 branch of the dungeon, and saw 4 of its levels.

You collected 157 gold pieces.
You spent 90 gold pieces at shops.


Innate Abilities, Weirdness & Mutations

You are immune to sickness and miasma.
Your stone body is resilient. (AC +4)
You are immune to poison.
You resist negative energy. (rN+)
You are resistant to electric shocks. (rElec)
You are resistant to unholy torment.
You are immune to petrification.


   Skills:
 - Level 4.0 Fighting
 + Level 5.2 Axes
 - Level 1.0 Throwing
 - Level 3.2 Armour
 - Level 3.2 Shields


You had 5 spell levels left.
You didn't know any spells.
Your spell library was empty.

Inventory:

Hand Weapons
 h - a +0 flail
 Y - a +0 war axe (weapon)
Armour
 c - a +0 buckler (worn)
 g - a +0 cloak
 l - a +0 chain mail (worn)
Jewellery
 b - a ring of magical power
Scrolls
 a - 3 scrolls of identify
 e - a scroll of enchant armour
Potions
 d - a potion of might
 f - 2 potions of enlightenment
 i - a potion of curing
 j - a potion of cancellation
 k - 2 potions of lignification {unknown}

Dungeon Overview and Level Annotations

Branches:
Dungeon (4/15)
 Temple: D:4-7

Altars:

Shops:
D:4 *

Annotations:
D:3 exclusion: 4 iron imps


Message History

The jelly hits you. The acid corrodes you!
You are splashed with acid!
You slash the jelly!
Your hands burn!
The jelly is severely wounded.
The jelly hits you but does no damage. The jelly hits you.
You are splashed with acid!
You hit the jelly.
Your hands burn!
The jelly is severely wounded.
The jelly closely misses you.
You slash the jelly!
You kill the jelly!
You hit the endoplasm. You block the endoplasm's attack.
You slash the endoplasm!
You kill the endoplasm!
You start resting.
A howler monkey comes into view.
The howler monkey hoots and howls with incredible vigour!
You hear an angry hiss. x2; You hear a bark!
You hit the howler monkey but do no damage.
The howler monkey barely misses you.
You hit the howler monkey.
The howler monkey is moderately wounded.
The howler monkey hoots and howls with incredible vigour!
A scorpion comes into view.
The howler monkey hits you but does no damage.
You hear an angry hiss.
You hit the howler monkey.
The howler monkey is moderately wounded.
A ball python comes into view.
The howler monkey hits you.
You barely miss the howler monkey.
The howler monkey is moderately wounded.
The howler monkey hits you.
A quokka comes into view.
The scorpion barely misses you. The howler monkey hits you!
You hit the howler monkey but do no damage.
The howler monkey is moderately wounded.
You closely miss the scorpion. The scorpion stings you.
The howler monkey hits you.
You die...

.. ##. #.###..## ....
#..#. ..#. ..$.. #...#
..#. ....r# #..##...##
......####..#.# ..###
......s.......##....##
......h@.........# ..##
................# ...#
............##..# ##..#
............###.###...#
.......S.....##.##....#
..............>...##..#
.............)....##..#
...................#..#
........#............##


You could see a scorpion, a howler monkey, a quokka and a ball python.

Vanquished Creatures
  A phantom (D:4)
  A howler monkey (D:4)
  A hound (D:3)
  A jelly (D:4)
  A gnoll (D:1)
  An adder (D:3)
  2 worms
  2 dart slugs
  2 orcs (D:3)
  7 endoplasms
  A giant cockroach (D:2)
  4 goblins
  6 hobgoblins
  6 quokkas
  7 ball pythons
  3 bats
  2 frilled lizards
  3 kobolds
  8 rats
59 creatures vanquished.

Notes
Turn   | Place    | Note
-------+----------+-------------------------------------------
     0 | D:1      | qw the Gargoyle Fighter began the quest for the Orb.
     0 | D:1      | Reached XP level 1. HP: 14/14 MP: 1/1
     0 | D:1      | 0 ||| qw: Version: 0.3-a-40-ge99b1a8
     0 | D:1      | 0 ||| qw: Game counter: 481
     0 | D:1      | 0 ||| qw: Melee chars always use a shield: true
     0 | D:1      | 0 ||| qw: God list: Okawaru
     0 | D:1      | 0 ||| qw: Allow faded altars: false
     0 | D:1      | 0 ||| qw: Do Orc after clearing Dungeon:15 true
     0 | D:1      | 0 ||| qw: Do second Lair branch before Depths: true
     0 | D:1      | 0 ||| qw: Lair rune preference: random
     0 | D:1      | 0 ||| qw: Goals: Normal, Zot:1-4, Slime:5, God:TSO, Crypt,
                  | Tomb, Abyss, Pan, Hells, Win
     0 | D:1      | 0 ||| PLANNING D:1-11
    31 | D:1      | Reached skill level 2 in Axes
    42 | D:1      | 42 ||| Stepping ~*~*~tactically~*~*~ (stealth).
   129 | D:1      | Reached XP level 2. HP: 18/19 MP: 2/2
   279 | D:1      | Reached skill level 3 in Axes
   368 | D:1      | 368 ||| Stepping ~*~*~tactically~*~*~ (hiding).
   375 | D:1      | Reached XP level 3. HP: 23/23 MP: 3/3
   847 | D:1      | 847 ||| READING 2 scrolls labelled WULULA FIHE.
   848 | D:1      | 848 ||| READING scroll labelled ESEISK TYHAJE.
   849 | D:1      | 849 ||| READING scroll labelled DEFYISHR NAETHRI.
   850 | D:1      | 850 ||| READING scroll labelled FUFERPH UQUNOLEWO.
   851 | D:1      | 851 ||| READING scroll labelled ZOBIGA ZENOUGG.
   989 | D:2      | 989 ||| Stepping ~*~*~tactically~*~*~ (stealth).
  1778 | D:2      | 1778 ||| READING scroll labelled XIOCEL ESYAPS.
  1792 | D:2      | 1792 ||| READING 3 scrolls of identify.
  1792 | D:2      | 1792 ||| IDENTIFYING fizzy ruby potion
  1793 | D:2      | 1793 ||| READING 2 scrolls of identify.
  1793 | D:2      | 1793 ||| IDENTIFYING sedimented white potion
  1872 | D:3      | 1872 ||| Stepping ~*~*~tactically~*~*~ (stealth).
  1877 | D:3      | Reached XP level 4. HP: 28/28 MP: 4/4
  1891 | D:3      | Reached skill level 4 in Axes
  1934 | D:3      | Reached skill level 1 in Throwing
  2171 | D:3      | 2171 ||| Stepping ~*~*~tactically~*~*~ (stealth).
  2541 | D:3      | 2541 ||| UPGRADING to +0 chain mail.
  2544 | D:3      | 2544 ||| UPGRADING to +0 chain mail.
  2549 | D:3      | 2549 ||| UPGRADING to +0 scale mail.
  2554 | D:3      | 2554 ||| UPGRADING to +0 chain mail.
  2564 | D:3      | 2564 ||| DROPPING +0 scale mail.
  2721 | D:3      | 2721 ||| READING scroll labelled PUNOOJ DIMUO.
  2722 | D:3      | 2722 ||| READING scroll labelled TIXADW OBROSHRI.
  2723 | D:3      | 2723 ||| DRINKING 2 fuming amethyst potions.
  2724 | D:3      | 2724 ||| DROPPING potion of brilliance.
  2748 | D:4      | Noticed a phantom
  2762 | D:4      | Killed a phantom
  2763 | D:4      | Reached skill level 5 in Axes
  2763 | D:4      | Reached XP level 5. HP: 29/32 MP: 5/5
  2884 | D:4      | Found Maumonk's General Store.
  2892 | D:4      | 2892 ||| BUYING +0 cloak (54 gold).
  2892 | D:4      | Bought a +0 cloak for 54 gold pieces
  2892 | D:4      | 2892 ||| BUYING potion of curing (36 gold).
  2892 | D:4      | Bought a potion of curing for 36 gold pieces
  2935 | D:4      | Reached XP level 6. HP: 28/38 MP: 6/6
  3079 | D:4      | HP: 7/38 [howler monkey (7)]
  3080 | D:4      | Slain by a howler monkey

Levels and vault maps discovered:
D:1:      ebering_hopf_link, layout_loops_ring
D:2:      layout_basic, serial_bayou_pond_c, lightli_corner_chamber
D:3:      layout_basic, demons_altar
D:4:      layout_layer_cave, serial_shops, shop

Skill      XL: |  1  2  3  4  5 |
---------------+----------------+-----
Axes           | 2 3 5 |  5.2
Throwing       | 1 |  1.0
Fighting       | 4 |  4.0
Armour         | |  3.2
Shields        | |  3.2

Action                     |  1- 3 |  4- 6 || total
---------------------------+-------+-------++-------
  Melee: War axe           |    94 |    67 ||   161
  Throw: Javelin           |    16 |    15 ||    31
    Use: Scroll            |     8 |     2 ||    10
         Potion            |       |     1 ||     1
 Armour: Scale mail        |    29 |     9 ||    38
         Chain mail        |       |    18 ||    18
  Dodge: Dodged            |    26 |    21 ||    47
  Block: Buckler           |    15 |     5 ||    20

Table legend:
 A = Non-vault XP
 B = Vault XP
 C = Vault XP percentage of total XP
 D = Non-vault monster count
 E = Vault monster count
 F = Vault count percentage of total count
                 A         B        C        D         E       F
            +---------+---------+-------+---------+---------+-------
      Total |     372 |       0 |   0.0 |      59 |       0 |   0.0
            +---------+---------+-------+---------+---------+-------
        D:1 |      45 |       0 |   0.0 |      19 |       0 |   0.0
        D:2 |      30 |       0 |   0.0 |      14 |       0 |   0.0
        D:3 |      86 |       0 |   0.0 |      17 |       0 |   0.0
        D:4 |     211 |       0 |   0.0 |       9 |       0 |   0.0
            +---------+---------+-------+---------+---------+-------
